 Dungeon Crawl Stone Soup version 0.21-a0-273-g0785366 (webtiles) character file.

738 Teflin the Chopper (level 7, -2/62 HPs)
             Began as a Deep Dwarf Fighter on Sept 17, 2017.
             Slain by a black bear (5 damage)
             ... on level 5 of the Dungeon.
             The game lasted 00:05:57 (4205 turns).

Teflin the Chopper (Deep Dwarf Fighter)             Turns: 4205, Time: 00:05:58

Health: -2/62      AC:  9    Str: 21    XL:     7   Next: 46%
Magic:  6/6        EV:  7    Int:  9    God:
Gold:   125        SH:  0    Dex: 12    Spells: 6/6 levels left

rFire    . . .     SeeInvis .   A - +0 battleaxe (flame)
rCold    . . .     Gourm    .   (shield currently unavailable)
rNeg     . . .     Faith    .   l - +0 chain mail (curse)
rPois    .         Spirit   .   (no helmet)
rElec    .         Reflect  .   (no cloak)
rCorr    .         Harm     .   (no gloves)
MR       +....                  (no boots)
Stlth    ..........             (no amulet)
HPRegen  0.00/turn              (no ring)
MPRegen  0.10/turn              (no ring)

@: non-regenerating
A: damage resistance, heal wounds, sense surroundings 1, no regeneration
a: Heal Wounds


You were on level 5 of the Dungeon.
You were very hungry.

You visited 1 branch of the dungeon, and saw 5 of its levels.

You collected 316 gold pieces.
You spent 191 gold pieces at shops.

Inventory:

Hand Weapons
 a - a +0 war axe
 A - a +0 battleaxe of flaming (weapon)
Armour
 b - a +0 scale mail
 c - a +0 shield
 l - a cursed +0 chain mail (worn)
Jewellery
 m - a +4 ring of protection {unknown}
 p - an uncursed ring of positive energy {unknown}
Wands
 z - a wand of digging (13/24)
Scrolls
 e - 3 scrolls of remove curse {unknown}
 h - 2 scrolls of amnesia {unknown}
 j - 8 scrolls of identify {unknown}
 k - 3 scrolls of teleportation {unknown}
 w - a scroll of fog {unknown}
 x - a scroll of immolation {unknown}
 y - a scroll of recharging {unknown}
 B - a scroll of enchant armour {unknown}
 C - a scroll of enchant weapon {unknown}
Potions
 d - 2 potions of might
 i - a potion of curing {unknown}
 n - a potion of brilliance {unknown}
 o - 2 potions of heal wounds {unknown}
 q - 3 potions of lignification {unknown}
 r - a potion of cancellation {unknown}
 t - a potion of berserk rage {unknown}
 u - 2 potions of mutation {unknown}
 D - a potion of ambrosia {unknown}
Comestibles
 f - 7 bread rations
 g - 6 fruits
 s - a royal jelly
 v - a meat ration


   Skills:
 + Level 3.6 Fighting
 + Level 7.9 Axes
 + Level 4.5 Armour
 + Level 0.2 Dodging
 + Level 4.0 Shields


You had 6 spell levels left.
You didn't know any spells.

Dungeon Overview and Level Annotations

Branches:
Dungeon (5/15)
 Temple: D:4-7

Altars:
Cheibriados
Dithmenos
Okawaru
Qazlal
Uskayaw

Shops:
D:4 (


Innate Abilities, Weirdness & Mutations

You are resistant to damage.
You can heal yourself by infusing magical energy.
You passively map a small area around you.
You do not regenerate.


Message History

The black bear barely misses you.
The black bear claws you but does no damage.
You barely miss the black bear.
The black bear is almost dead.
The black bear bites you but does no damage.
The black bear claws you but does no damage.
The black bear claws you. The black bear barely misses you. x2
The black bear closely misses you.
You fail to use your ability.
The black bear bites you!
* * * LOW HITPOINT WARNING * * *
The black bear claws you.
The black bear claws you but does no damage.
You closely miss the black bear.
The black bear is almost dead.
The black bear bites you but does no damage.
The black bear claws you but does no damage. x2
The black bear closely misses you.
The black bear claws you but does no damage. x2
You fail to use your ability.
The black bear bites you!
You die...

#.# ##.# #.#
##..# #.#
##...# #.#
##...## #.#
##...### #.#
#...##.# #.#
#..##%.#
#.###..#%.h#
#......##.@#
#####...##.#
##...†.#
##....#
######


You could see a black bear (berserk).

Vanquished Creatures
  A phantom (D:5)
  Blork the orc (D:4)
  A scorpion (D:5)
  The ghost of Heronymous the Insei, a weakling DsMo (D:3)
  A crimson imp (D:2)
  A bullfrog zombie (D:5)
  Crazy Yiuf (D:4)
  3 hounds
  A bullfrog skeleton (D:4)
  An iguana (D:4)
  5 worker ants
  7 adders
  An ooze (D:2)
  An adder skeleton (D:4)
  4 worms
  A dart slug (D:1)
  4 leopard geckos
  An orc (D:4)
  3 giant cockroaches
  6 goblins
  3 hobgoblins
  8 jackals
  A quokka (D:2)
  4 bats
  7 frilled lizards
  6 kobolds
  2 rats
76 creatures vanquished.

Notes
Turn   | Place    | Note
-------+----------+-------------------------------------------
     0 | D:1      | Teflin the Deep Dwarf Fighter began the quest for the Orb.
     0 | D:1      | Reached XP level 1. HP: 20/20 MP: 1/1
   346 | D:1      | Reached skill level 3 in Axes
   346 | D:1      | Reached XP level 2. HP: 22/27 MP: 2/2
  1101 | D:2      | Reached XP level 3. HP: 28/33 MP: 3/3
  1141 | D:2      | Reached skill level 4 in Axes
  1151 | D:2      | Found a snail-covered altar of Cheibriados.
  1226 | D:2      | Found a shadowy altar of Dithmenos.
  1450 | D:2      | Reached skill level 5 in Axes
  1450 | D:2      | Reached XP level 4. HP: 30/40 MP: 4/4
  2056 | D:3      | Noticed Heronymous's ghost (weakling DsMo)
  2069 | D:3      | Killed Heronymous's ghost
  2069 | D:3      | Reached skill level 6 in Axes
  2069 | D:3      | Reached XP level 5. HP: 37/46 MP: 5/5
  2598 | D:4      | Reached XP level 6. HP: 29/55 MP: 6/6
  2666 | D:4      | Noticed Blork the orc
  2675 | D:4      | Killed Blork the orc
  2707 | D:4      | Reached skill level 7 in Axes
  2901 | D:4      | Found a runed door.
  3010 | D:4      | Found Ucel Faaty's Weapon Shoppe.
  3016 | D:4      | Bought a +0 battleaxe of flaming for 191 gold pieces
  3104 | D:4      | Found a hide-covered altar of Uskayaw.
  3431 | D:4      | Noticed Crazy Yiuf
  3438 | D:4      | Killed Crazy Yiuf
  3504 | D:5      | Entered Level 5 of the Dungeon
  3586 | D:5      | Reached XP level 7. HP: 33/62 MP: 7/7
  3992 | D:5      | Found an iron altar of Okawaru.
  4106 | D:5      | Found a stormy altar of Qazlal.
  4203 | D:5      | HP: 3/62 [black bear (4)]
  4205 | D:5      | Slain by a black bear

Vault maps used:
D:1:      mrwooster_arrival_statue_2
D:2:      overflow_temple_1_default, lemuel_crystal_altar
D:3:      first_bread, bh_walls_and_bars
D:4:      kennysheep_mini_moat, serial_shops, shop, uniq_crazy_yiuf_cottage,
          uniq_blork_the_orc
D:5:      black_bear_nest_2, overflow_temple_1_default, grunt_qazlal_clouds

Skill      XL: |  1  2  3  4  5  6 |
---------------+-------------------+-----
Axes           | 3 5 6 7 |  7.9
Fighting       | 3 |  3.6
Armour         | 4 |  4.5
Shields        | 4 |  4.0
Dodging        | |  0.2

Action                   |  1- 3 |  4- 6 |  7- 9 || total
-------------------------+-------+-------+-------++-------
Melee: War axe           |   120 |   152 |       ||   272
       Battleaxe         |       |    25 |    40 ||    65
 Abil: Heal Wounds       |       |     4 |     1 ||     5
  Eat: Chunk             |     2 |     6 |     2 ||    10
Armor: Scale mail        |    16 |       |       ||    16
       Chain mail        |    55 |    81 |    61 ||   197
Dodge: Dodged            |    33 |    34 |    30 ||    97
Block: Shield            |    72 |    97 |       ||   169

Table legend:
 A = Spawn XP
 B = Non-spawn XP
 C = Spawn XP percentage of total XP
 D = Spawn monster count
 E = Non-spawn monster count
 F = Spawn count percentage of total count
 G = Total turns spent on level
                    A         B        C        D         E        F      G
               +---------+---------+-------+---------+---------+-------+---------
         Total |       0 |    1055 |   0.0 |       0 |      76 |   0.0 |  4205
               +---------+---------+-------+---------+---------+-------+---------
           D:1 |       0 |      28 |   0.0 |       0 |      15 |   0.0 |  1056
           D:2 |       0 |     120 |   0.0 |       0 |      24 |   0.0 |   659
           D:3 |       0 |      95 |   0.0 |       0 |       7 |   0.0 |   739
           D:4 |       0 |     465 |   0.0 |       0 |      18 |   0.0 |  1050
           D:5 |       0 |     347 |   0.0 |       0 |      12 |   0.0 |   701
               +---------+---------+-------+---------+---------+-------+---------
